 Dungeon Crawl Stone Soup version 0.23.2-40-g277498a001 (webtiles) character file.

Game seed: 13216536762563356490

1758 ANON1729 the Skirmisher (level 9, 0/87 HPs)
             Began as a Naga Fighter on Sept 18, 2019.
             Was a Believer of Uskayaw.
             Slain by a scorpion (7 damage)
             ... on level 6 of the Dungeon.
             The game lasted 00:08:47 (7003 turns).

ANON1729 the Skirmisher (Naga Fighter)              Turns: 7003, Time: 00:08:47

Health: 0/87       AC:  8    Str: 21    XL:     9   Next: 6%
Magic:  6/9        EV:  5    Int:  9    God:    Uskayaw [**....]
Gold:   198        SH:  9    Dex: 11    Spells: 8/8 levels left

rFire    . . .     SeeInvis +   a - +0 war axe
rCold    . . .     Gourm    .   c - +0 shield
rNeg     . . .     Faith    .   b - +0 scale mail
rPois    +         Spirit   .   o - +0 helmet
rElec    .         Reflect  .   (no cloak)
rCorr    .         Harm     .   (no gloves)
MR       +....                  (no barding)
Stlth    +.........             (no amulet)
HPRegen  0.24/turn              q - ring of stealth
MPRegen  0.11/turn              (no ring)

@: lethally poisoned (0 -> -1), very slow
A: large, see invisible, deformed body, poison resistance, slowness 2, slow
metabolism 1, spit poison 1, AC +3
a: Spit Poison, Stomp, Line Pass, Renounce Religion


You were on level 6 of the Dungeon.
You worshipped Uskayaw.
Uskayaw was noncommittal.
You were hungry.

You visited 1 branch of the dungeon, and saw 6 of its levels.
You also visited: Sewer.

You collected 198 gold pieces.

Inventory:

Hand Weapons
 a - a +0 war axe (weapon)
 g - a +4 dagger
 v - a +4 dagger
Armour
 b - a +0 scale mail (worn)
 c - a +0 shield (worn)
 o - a +0 helmet (worn)
Jewellery
 q - a ring of stealth (left hand)
Wands
 w - a wand of iceblast (8)
Scrolls
 e - 4 scrolls of enchant armour {unknown}
 h - 2 scrolls of fog {unknown}
 j - 2 scrolls of fear {unknown}
 l - 3 scrolls of identify {unknown}
 m - 4 scrolls of teleportation {unknown}
 p - a scroll of noise {unknown}
 r - a scroll of immolation {unknown}
 t - 2 scrolls of remove curse {unknown}
 y - a scroll of magic mapping {unknown}
Potions
 d - 2 potions of might
 i - 5 potions of heal wounds {unknown}
 k - 4 potions of brilliance {unknown}
 n - 5 potions of curing {unknown}
 s - a potion of flight {unknown}
 u - 2 potions of lignification {unknown}
 x - a potion of ambrosia {unknown}
Comestibles
 f - 9 rations


   Skills:
 * Level 7.7 Fighting
 * Level 7.5 Axes
 + Level 4.8 Armour
 - Level 2.4 Shields


You had 8 spell levels left.
You didn't know any spells.
Your spell library was empty.

Dungeon Overview and Level Annotations

Branches:
Dungeon (6/15)
 Temple: D:4-7

Altars:
Kikubaaqudgha
Uskayaw
Wu Jian
Xom
Yredelemnul


Innate Abilities, Weirdness & Mutations

You cannot wear boots.
Your serpentine skin is tough. (AC +3)
You have supernaturally acute eyesight. (SInv)
Armour fits poorly on your strangely shaped body.
Your system is resistant to poisons. (rPois)
You cover ground very slowly.
You have a slow metabolism.
You can spit poison.


Message History

* * * LOW HITPOINT WARNING * * *
You block the water moccasin's attack.
The orc priest hits you but does no damage.
You can now stomp with the beat.
Unknown command.
You slash the orc priest!
You kill the orc priest!
You barely miss the water moccasin. You barely miss the scorpion.
The water moccasin bites you but does no damage.
The scorpion stings you but does no damage.
The water moccasin bites you.
* * * LOW HITPOINT WARNING * * *
The scorpion stings you but does no damage.
You can now pass through a line of other dancers.
You have got your breath back.
You feel sick. The water moccasin barely misses you.
The water moccasin bites you.
* * * LOW HITPOINT WARNING * * *
The scorpion stings you!
You die...

.## #...# ....
....#
....###...#####
#>............
##.............
.......)...# #s#
#.####S# .. #
#....@s#..#
#.######.#..#
#...........#
#.....)#.#.##
#.####.#.#.#
#........#+######
#.######.##........
#. #...........
#.### ####........


You could see a water moccasin and 2 scorpions.

Vanquished Creatures
  Pikel (D:4)
  An ice beast (D:5)
  A phantom (D:4)
  2 ogres
  2 centaurs
  2 big kobolds (Sewer)
  A howler monkey (D:3)
  A quasit (D:5)
  2 orc priests
  An orc wizard (D:4)
  2 iguanas (D:4)
  4 worker ants
  A gnoll (D:1)
  A howler monkey skeleton (D:4)
  12 adders
  4 river rats (Sewer)
  2 oozes (Sewer)
  An adder zombie (D:5)
  3 worms
  3 leopard geckos
  20 orcs
  9 bats
  2 giant cockroaches
  10 hobgoblins
  7 jackals
  2 quokkas
  4 ball pythons
  8 frilled lizards
  7 goblins
  20 kobolds
  25 rats
  A spectral orc (D:2)
162 creatures vanquished.

Vanquished Creatures (others)
  A slave (D:5)
  A hound (D:5)
  An iguana (D:5)
  An adder (D:5)
4 creatures vanquished.

Grand Total: 166 creatures vanquished

Notes
Turn   | Place    | Note
-------+----------+-------------------------------------------
     0 | D:1      | ANON1729 the Naga Fighter began the quest for the Orb.
     0 | D:1      | Reached XP level 1. HP: 21/21 MP: 1/1
    39 | D:1      | Reached XP level 2. HP: 26/28 MP: 2/2
   336 | D:1      | Reached XP level 3. HP: 22/34 MP: 3/3
  1147 | D:2      | Reached XP level 4. HP: 44/44 MP: 4/4
  1658 | D:2      | Found a basalt altar of Yredelemnul.
  2046 | D:3      | Reached XP level 5. HP: 13/50 MP: 5/5
  2064 | D:3      | Found a glowing drain.
  2088 | Sewer    | Entered a sewer
  2456 | Sewer    | Noticed a big kobold
  2477 | Sewer    | Killed a big kobold
  2477 | Sewer    | Reached XP level 6. HP: 39/58 MP: 6/6
  3265 | Sewer    | Reached skill level 5 in Fighting
  3631 | D:3      | Found a shimmering altar of Xom.
  3838 | D:3      | Found an ornate altar of the Wu Jian Council.
  3895 | D:3      | Reached XP level 7. HP: 67/67 MP: 7/7
  4176 | D:4      | Reached skill level 5 in Axes
  4811 | D:4      | Found an ancient bone altar of Kikubaaqudgha.
  4975 | D:4      | Found a hide-covered altar of Uskayaw.
  5313 | D:5      | Entered Level 5 of the Dungeon
  5316 | D:5      | Noticed Pikel
  5564 | D:4      | Killed Pikel
  5564 | D:4      | Reached XP level 8. HP: 21/80 MP: 8/8
  6657 | D:4      | Found a hide-covered altar of Uskayaw.
  6672 | D:4      | Became a worshipper of Uskayaw the Reveler
  6784 | D:6      | Reached * piety under Uskayaw
  6788 | D:6      | Reached ** piety under Uskayaw
  6790 | D:6      | Reached *** piety under Uskayaw
  6792 | D:6      | Reached XP level 9. HP: 44/86 MP: 9/9
  6792 | D:6      | Reached **** piety under Uskayaw
  7003 | D:6      | Slain by a scorpion

Skill      XL: |  1  2  3  4  5  6  7  8 |
---------------+-------------------------+-----
Axes           | 3 4 6 7 |  7.5
Fighting       | 4 5 7 |  7.7
Armour         | 3 4 |  4.8
Shields        | |  2.4

Action                   |  1- 3 |  4- 6 |  7- 9 || total
-------------------------+-------+-------+-------++-------
Melee: War axe           |    87 |   269 |   169 ||   525
Invok: Stomp             |       |       |     1 ||     1
 Abil: Spit Poison       |       |     1 |     3 ||     4
  Use: Potion            |       |     5 |     1 ||     6
 Stab: Paralysed         |       |       |     1 ||     1
  Eat: Chunk             |       |     8 |     8 ||    16
Armor: Scale mail        |    31 |   171 |    77 ||   279
Dodge: Dodged            |    31 |    87 |    30 ||   148
Block: Shield            |    46 |   167 |    80 ||   293
